 Seeded DCSS version 0.31-a0-180-g519b7de00c (webtiles) character file.

Game seed: 18402847756181476443 (custom seed)

14 innerfire43 the Trooper (level 2, -1/24 HPs)
             Began as a Demonspawn Monk on June 19, 2023.
             Slain by an adder (2 damage)
             ... on level 2 of the Dungeon.
             The game lasted 00:00:39 (453 turns).

innerfire43 the Trooper (Demonspawn Monk)            Turns: 453, Time: 00:00:39

Health: -1/24      AC:  2    Str: 11    XL:     2   Next: 27%
Magic:  2/2        EV: 12    Int: 11    God:
Gold:   50         SH:  3    Dex: 15    Spells: 1/1 levels left

rFire   . . .        a - +0 spear
rCold   . . .        j - +0 buckler
rNeg    . . .        b - +0 robe
rPois   .            (no helmet)
rElec   .            (no cloak)
rCorr   .            (no gloves)
SInv    .            (no boots)
Will    .....        (no amulet)
Stlth   +            (no ring)
HPRegen 0.24/turn    (no ring)
MPRegen 0.08/turn

%: no passive effects
@: lethally poisoned (-1 -> -2)
A: demonic magic 1
a: no special abilities


You were on level 2 of the Dungeon.
You visited 1 branch of the dungeon, and saw 2 of its levels.

You collected 50 gold pieces.

Inventory:

Hand Weapons
 a - a +0 spear (weapon)
Armour
 b - a +0 robe (worn)
 d - an orb of light
 j - a +0 buckler (worn)
Scrolls
 e - a scroll of enchant armour {unknown}
 f - 3 scrolls of identify {unknown}
 h - a scroll of vulnerability {unknown}
Potions
 g - a potion of invisibility {unknown}
 i - a potion of attraction {unknown}
 k - a potion of haste {unknown}


   Skills:
 + Level 3.2 Fighting
 + Level 3.0 Polearms
 + Level 2.9 Dodging


You had one spell level left.
You didn't know any spells.
Your spell library was empty.

Dungeon Overview and Level Annotations

Branches:
Dungeon (1/15)

Altars:


Innate Abilities, Weirdness & Mutations

Spells you cast may paralyse adjacent enemies.


Message History

You hit the endoplasm.
The endoplasm is almost dead.
You feel sick. The adder misses you. The endoplasm hits you.
The adder barely misses you.
You hit the adder.
The adder is severely wounded.
You feel less invigorated.
You feel less confused.
You feel sick.
You are no longer poisoned.
The endoplasm closely misses you. The adder barely misses you.
You closely miss the adder.
The adder is severely wounded.
The endoplasm freezes you.
You are frozen.
The adder barely misses you.
You barely miss the adder.
The adder is severely wounded.
The adder bites you but does no damage. The endoplasm freezes you.
You are frozen.
The adder barely misses you. The endoplasm hits you.
You closely miss the adder.
The adder is severely wounded.
The adder closely misses you. The endoplasm misses you.
You miss the adder.
The adder is severely wounded.
The adder bites you. The endoplasm hits you.
Unknown command.
You miss the adder.
The adder is severely wounded.
The adder bites you.
* * * LOW HITPOINT WARNING * * *
The adder bites you.
* * * LOW HITPOINT WARNING * * *
You are lethally poisoned!
The adder poisons you! The endoplasm closely misses you.
You closely miss the adder.
The adder is severely wounded.
* * * LOW HITPOINT WARNING * * *
You feel sick. The adder bites you.
You die...

#### ...##### ..#..#
#J#.## #.# #@..#
#$.S#..##########
#...#.#............#####
.. #.#.#.........#......
...)....######.#..####
..##.#.#.# #.#..# ...
#.#.#.# #.#..# .. .
....# #.#..# .....#
#>#..##


You could see an adder and an endoplasm.

Vanquished Creatures
  A dart slug (D:2)
  A bat (D:1)
  An endoplasm (D:2)
  2 giant cockroaches (D:1)
  A goblin (D:1)
  A kobold (D:1)
  A quokka (D:1)
  2 rats (D:1)
10 creatures vanquished.

Notes
Turn   | Place    | Note
-------+----------+-------------------------------------------
     0 | D:1      | innerfire43 the Demonspawn Monk began the quest for the
                  | Orb.
     0 | D:1      | Reached XP level 1. HP: 18/18 MP: 1/1
   128 | D:1      | Gained mutation: Spells you cast may paralyse adjacent
                  | enemies. [demonic ancestry]
   128 | D:1      | Reached XP level 2. HP: 24/24 MP: 2/2
   170 | D:1      | You fall into a shaft and drop 1 floor!
   453 | D:2      | HP: 1/24 [poisoned by an adder]
   453 | D:2      | Slain by an adder

Illustrated notes

Levels and vault maps discovered:
D:1:      dpeg_arrival_prison, layout_loops_ring
D:2:      minmay_general_purpose_star, layout_loops_ring, minmay_tiny_reverse_x,
          uniq_sigmund

Skill      XL: |  1  2 |
---------------+-------+-----
Polearms       | 3 |  3.0
Fighting       | |  3.2
Dodging        | |  2.9

Action                     || total
---------------------------++-------
  Melee: Spear             ||    44
    Use: Potion            ||     1
 Armour: Robe              ||     5
  Dodge: Dodged            ||    26
  Block: Buckler           ||     1

Table legend: (Time is in decaauts)
 A = Elapsed time spent in this place.
 B = Non-inter-level travel time spent in this place.
 C = Inter-level travel time spent in this place.
 D = Time resting spent in this place.
 E = Time spent auto-exploring this place.
 F = Levels seen in this place.
 G = Mean time per level.
                   A        B        C        D        E       F      G
               +--------+--------+--------+--------+--------+-----+--------+
         Total |    452 |    452 |      0 |      0 |    340 |   2 |  226.0 |
       Dungeon |    452 |    452 |      0 |      0 |    340 |   2 |  226.0 |
               +--------+--------+--------+--------+--------+-----+--------+

Top non-repeatable levels by time:
     D:2: 283 daAuts
     D:1: 169 daAuts
